% Time on Ice - SAN FRANCISCO SPIDERS
Lines # - Real PCT - Wanted PCT - Time Play
Normal Forward
1 - 25% - 25% - 12:27
2 - 25% - 25% - 12:08
3 - 23% - 25% - 11:31
4 - 27% - 25% - 13:13
Normal Defense
1 - 31% - 30% - 15:27
2 - 26% - 30% - 12:55
3 - 33% - 30% - 16:23
4 - 9% - 10% - 4:34
PP Forward
1 - 50% - 55% - 2:11
2 - 50% - 45% - 2:13
PP Defense
1 - 47% - 55% - 2:03
2 - 53% - 45% - 2:21
PK Forward
1 - 56% - 55% - 3:32
2 - 44% - 45% - 2:45
PK Defense
1 - 47% - 55% - 2:57
2 - 53% - 45% - 3:20
PK3 Forward
1 - 0% - 55%
2 - 0% - 45%
PK3 Defense
1 - 0% - 55%
2 - 0% - 45%
44 Forward
1 - 0% - 55%
2 - 0% - 45%
44 Defense
1 - 0% - 55%
2 - 0% - 45%
Last Minute Offensive  - 0:00
Last Minute Defensive  - 0:00
Total
Forward - 60:00
Defense - 60:00
% Time on Ice - CALGARY FIREMEN
Lines # - Real PCT - Wanted PCT - Time Play
Normal Forward
1 - 34% - 34% - 16:47
2 - 29% - 31% - 14:29
3 - 24% - 25% - 11:55
4 - 12% - 10% - 6:08
Normal Defense
1 - 34% - 34% - 16:48
2 - 33% - 31% - 16:04
3 - 27% - 25% - 13:08
4 - 7% - 10% - 3:19
PP Forward
1 - 54% - 50% - 3:22
2 - 46% - 50% - 2:55
PP Defense
1 - 45% - 50% - 2:48
2 - 55% - 50% - 3:29
PK Forward
1 - 47% - 50% - 2:03
2 - 53% - 50% - 2:21
PK Defense
1 - 28% - 50% - 1:13
2 - 72% - 50% - 3:11
PK3 Forward
1 - 0% - 50%
2 - 0% - 50%
PK3 Defense
1 - 0% - 50%
2 - 0% - 50%
44 Forward
1 - 0% - 55%
2 - 0% - 45%
44 Defense
1 - 0% - 55%
2 - 0% - 45%
Last Minute Offensive  - 0:00
Last Minute Defensive  - 0:00
Total
Forward - 60:00
Defense - 60:00
Play-by-Play 1st period 0:01 of 1st period - Ryan Johansen wins face-off versus Sven Andrighetto in neutral zone. 0:42 of 1st period - Viktor Arvidsson is hit by Seth Helgeson and loses puck. 1:15 of 1st period - Icing by Tyler Wotherspoon. 1:16 of 1st period - Luke Glendening wins face-off versus Taylor Leier in SAN FRANCISCO SPIDERS zone. 1:16 of 1st period - Brent Seabrook is hit by Tyler Wotherspoon and loses puck. 1:45 of 1st period - Shot by Austin Watson. 1:45 of 1st period - Stopped by Antti Niemi with a rebound. 2:18 of 1st period - Tomas Tatar is hit by Tyler Wotherspoon and loses puck. 2:27 of 1st period - Shot by Adam Henrique. 2:27 of 1st period - Shot Blocked by Sean Walker. 2:29 of 1st period - Shot by Oskar Lindblom. 2:29 of 1st period - Stopped by Antti Niemi without a rebound. 2:30 of 1st period - Brett Howden wins face-off versus Tomas Plekanec in SAN FRANCISCO SPIDERS zone. 3:06 of 1st period - Icing by Andrei Svechnikov. 3:07 of 1st period - Tomas Plekanec wins face-off versus Ryan Johansen in SAN FRANCISCO SPIDERS zone. 3:15 of 1st period - Viktor Arvidsson is hit by Gabriel Bourque and loses puck. 3:25 of 1st period - Filip Forsberg is hit by Seth Helgeson and loses puck. 3:36 of 1st period - Shot by Ryan Johansen. 3:36 of 1st period - Shot Misses the Net. 3:57 of 1st period - Shot by Dominik Simon. 3:57 of 1st period - Shot Misses the Net. 4:01 of 1st period - Shot by Erik Haula. 4:01 of 1st period - Shot Misses the Net. 4:03 of 1st period - Shot by Erik Haula. 4:03 of 1st period - Shot Misses the Net. 4:29 of 1st period - Shot by Calle Jarnkrok. 4:29 of 1st period - Deflect By Josh Leivo. 4:29 of 1st period - Stopped by Devan Dubnyk without a rebound. 4:30 of 1st period - Adam Henrique wins face-off versus Taylor Leier in CALGARY FIREMEN zone. 4:30 of 1st period - Adam Henrique is hit by Milan Lucic. 5:01 of 1st period - Icing by Danton Heinen. 5:02 of 1st period - Luke Glendening wins face-off versus Taylor Leier in SAN FRANCISCO SPIDERS zone. 5:05 of 1st period - Shot by Austin Watson. 5:05 of 1st period - Deflect By Tyler Johnson. 5:05 of 1st period - Stopped by Antti Niemi without a rebound. 5:06 of 1st period - Luke Glendening wins face-off versus Erik Haula in SAN FRANCISCO SPIDERS zone. 5:14 of 1st period - Off-side. 5:15 of 1st period - Tomas Plekanec wins face-off versus Adam Henrique in neutral zone. 6:16 of 1st period - Shot by Tyler Johnson. 6:16 of 1st period - Stopped by Antti Niemi without a rebound. 6:17 of 1st period - Erik Haula wins face-off versus Brett Howden in SAN FRANCISCO SPIDERS zone. 7:23 of 1st period - Ryan Graves is hit by Dominik Simon and loses puck. 7:33 of 1st period - Off-side. 7:34 of 1st period - Sven Andrighetto wins face-off versus Viktor Arvidsson in neutral zone. 7:58 of 1st period - Shot by Ryan Johansen. 7:58 of 1st period - Goal by Ryan Johansen - SAN FRANCISCO SPIDERS : 0 - CALGARY FIREMEN : 1. 7:59 of 1st period - Adam Henrique wins face-off versus Taylor Leier in neutral zone. 8:14 of 1st period - Shot by Oskar Lindblom. 8:14 of 1st period - Stopped by Antti Niemi without a rebound. 8:15 of 1st period - Luke Glendening wins face-off versus Tomas Plekanec in SAN FRANCISCO SPIDERS zone. 8:15 of 1st period - Andy Greene is hit by Seth Helgeson and loses puck. 8:19 of 1st period - Icing by Tyler Myers. 8:20 of 1st period - Luke Glendening wins face-off versus Andrei Svechnikov in SAN FRANCISCO SPIDERS zone. 8:50 of 1st period - Gabriel Bourque is hit by Andy Greene and loses puck. 9:14 of 1st period - Shot by Josh Leivo. 9:14 of 1st period - Stopped by Devan Dubnyk with a rebound. 9:16 of 1st period - Shot by Sean Walker. 9:16 of 1st period - Shot Blocked by Ian Cole. 9:18 of 1st period - Shot by Josh Leivo. 9:18 of 1st period - Shot Blocked by Ian Cole. 9:20 of 1st period - Shot by Sean Walker. 9:20 of 1st period - Stopped by Devan Dubnyk without a rebound. 9:21 of 1st period - Dominik Simon wins face-off versus Ryan Johansen in CALGARY FIREMEN zone. 9:21 of 1st period - Erik Haula is hit by Ryan Graves and loses puck. 9:27 of 1st period - Off-side. 9:28 of 1st period - Erik Haula wins face-off versus Adam Henrique in neutral zone. 10:10 of 1st period - Shot by Tomas Tatar. 10:10 of 1st period - Stopped by Antti Niemi with a rebound. 10:19 of 1st period - Icing by Alexander Kerfoot. 10:20 of 1st period - Dominik Simon wins face-off versus Viktor Arvidsson in SAN FRANCISCO SPIDERS zone. 10:33 of 1st period - Shot by Filip Forsberg. 10:33 of 1st period - Shot Misses the Net. 10:35 of 1st period - Shot by Filip Forsberg. 10:35 of 1st period - Stopped by Antti Niemi without a rebound. 10:36 of 1st period - Luke Glendening wins face-off versus Sven Andrighetto in SAN FRANCISCO SPIDERS zone. 10:58 of 1st period - Icing by Andy Greene. 10:59 of 1st period - Luke Glendening wins face-off versus Taylor Leier in CALGARY FIREMEN zone. 11:49 of 1st period - Gabriel Bourque is hit by Ryan Graves. 11:57 of 1st period - Shot by Gabriel Bourque. 11:57 of 1st period - Stopped by Devan Dubnyk without a rebound. 11:58 of 1st period - Adam Henrique wins face-off versus Sven Andrighetto in CALGARY FIREMEN zone. 11:58 of 1st period - Adam Henrique is hit by Calle Jarnkrok. 12:15 of 1st period - Shot by Calle Jarnkrok. 12:15 of 1st period - Shot Blocked by Brent Seabrook. 12:21 of 1st period - Shot by Sven Andrighetto. 12:21 of 1st period - Stopped by Devan Dubnyk without a rebound. 12:22 of 1st period - Tomas Plekanec wins face-off versus Ryan Johansen in CALGARY FIREMEN zone. 12:30 of 1st period - Minor Penalty to Gabriel Bourque for Interference. 12:31 of 1st period - Ryan Johansen wins face-off versus Calle Jarnkrok in SAN FRANCISCO SPIDERS zone. 12:36 of 1st period - Shot by Viktor Arvidsson. 12:36 of 1st period - Shot Misses the Net. 12:38 of 1st period - Shot by Viktor Arvidsson. 12:38 of 1st period - Stopped by Antti Niemi without a rebound. 12:39 of 1st period - Adam Henrique wins face-off versus Calle Jarnkrok in SAN FRANCISCO SPIDERS zone. 13:55 of 1st period - Shot by Viktor Arvidsson. 13:55 of 1st period - Stopped by Antti Niemi with a rebound. 14:01 of 1st period - Shot by Filip Forsberg. 14:01 of 1st period - Stopped by Antti Niemi without a rebound. 14:02 of 1st period - Ryan Johansen wins face-off versus Alexander Kerfoot in SAN FRANCISCO SPIDERS zone. 14:36 of 1st period - Tyler Myers is hit by Brett Howden and loses puck. 15:02 of 1st period - Shot by Danton Heinen. 15:02 of 1st period - Stopped by Devan Dubnyk without a rebound. 15:03 of 1st period - Adam Henrique wins face-off versus Tomas Plekanec in CALGARY FIREMEN zone. 16:01 of 1st period - Icing by Gabriel Bourque. 16:02 of 1st period - Ryan Johansen wins face-off versus Tomas Plekanec in SAN FRANCISCO SPIDERS zone. 16:04 of 1st period - Viktor Arvidsson is hit by Mark Alt and loses puck. 16:09 of 1st period - Shot by Ryan Johansen. 16:09 of 1st period - Stopped by Antti Niemi without a rebound. 16:10 of 1st period - Sven Andrighetto wins face-off versus Ryan Johansen in SAN FRANCISCO SPIDERS zone. 16:31 of 1st period - Shot by Ryan Johansen. 16:31 of 1st period - Stopped by Antti Niemi with a rebound. 16:33 of 1st period - Shot by Filip Forsberg. 16:33 of